AoeStats
← SpackEye

Black Forest

509738447Analyzed
2v2 RM · 5d ago on Sep 27, 2026· 54m 52s· 4 players
Game mode
Random Map
Map size
Medium (4 player)
Population
200
Speed
Normal
Resources
Standard
Victory
Conquest
Starting age
Dark Age
Ending age
Imperial Age
RankedLock teamsTeams togetherTeam positionsShared explorationLock speedFull tech treeHidden civsTurbo modeCheats
Victory
Defeat
🇬🇧 Khmer · United Kingdom
1005
+14
🇹🇷 Khmer · Türkiye
999
+14
🇺🇸 Khmer · United States
990
-15
🇺🇸 Mongols · United States
934
-13
Namely
0:26 Loom
13:41 Feudal Age
14:53 Double-Bit Axe
20:15 Castle Age
28:28 Bow Saw
29:43 Wheelbarrow
28:53 Town Watch
30:02 Bloodlines
29:52 Husbandry
29:13 Light Cavalry
31:19 Hand Cart
34:21 Pikeman
35:24 Fortified Wall
37:51 Imperial Age
35:21 Town Patrol
36:11 Ballistics
38:00 Hussar
40:28 Conscription
39:51 Heavy Scorpion
40:52 Caravan
42:20 Halberdier
46:49 Chemistry
45:55 Siege Engineers
50:14 Forging
50:04 Scale Mail Armor
50:09 Scale Barding Armor
49:55 Fletching
50:05 Padded Archer Armor
50:21 Elite Battle Elephant
53:55 Double Crossbow
Havoc AD
0:41 Loom
20:09 Feudal Age
26:23 Town Watch
30:11 Horse Collar
34:35 Castle Age
32:49 Fletching
35:25 Bodkin Arrow
36:11 Wheelbarrow
38:38 Gold Mining
41:32 Light Cavalry
42:25 Bloodlines
42:16 Husbandry
41:44 Pikeman
42:25 Squires
41:51 Man-at-Arms
44:05 Forging
43:56 Scale Mail Armor
44:02 Scale Barding Armor
45:55 Iron Casting
46:45 Gold Shaft Mining
46:00 Stone Mining
47:16 Heavy Plow
49:59 Padded Archer Armor
SpackEye
11:18 Feudal Age
11:52 Double-Bit Axe
18:02 Castle Age
16:37 Scale Barding Armor
17:47 Forging
19:23 Chain Barding Armor
19:23 Bloodlines
21:01 Bow Saw
25:08 Wheelbarrow
24:54 Fletching
24:59 Crossbowman
26:05 Horse Collar
26:35 Bodkin Arrow
28:41 Loom
30:48 Hand Cart
32:57 Gold Mining
33:01 Stone Mining
36:11 Imperial Age
34:40 Heavy Plow
35:34 Iron Casting
36:23 Onager
37:45 Crop Rotation
39:14 Chemistry
37:41 Cavalier
39:31 Caravan
40:31 Heavy Scorpion
42:04 Caravan
43:11 Double Crossbow
44:40 Elite Battle Elephant
46:59 Plate Barding Armor
48:09 Tusk Swords
48:30 Conscription
49:17 Blast Furnace
50:16 Siege Engineers
54:11 Ballistics
remoba66_
0:28 Loom
20:54 Feudal Age
22:31 Horse Collar
22:38 Double-Bit Axe
26:18 Castle Age
26:20 Scale Barding Armor
26:26 Forging
27:12 Wheelbarrow
26:53 Bloodlines
28:31 Fletching
30:56 Heavy Plow
32:22 Light Cavalry
34:34 Iron Casting
41:09 Imperial Age
40:45 Hand Cart
40:30 Bodkin Arrow
40:40 Padded Archer Armor
41:08 Chain Barding Armor
41:17 Caravan
42:02 Bow Saw
42:15 Conscription
43:04 Bracer
43:41 Plate Barding Armor
44:07 Blast Furnace
44:30 Caravan
44:37 Tusk Swords
45:22 Double Crossbow
45:32 Siege Engineers
46:37 Chemistry
46:26 Heavy Scorpion
47:41 Elite Ballista Elephant
52:36 Blast Furnace
51:51 Leather Archer Armor
Connection lost

Rejoining the realm…

Still unreachable

The connection could not be restored.

Session expired

The server has moved on; the page needs a fresh start.